3AAA
AUGUSTA TIMBER HAWKS @ SUNSET DISTRICT FOG
06/14/2031
 
TOP OF THE 1ST
Augusta Timber Hawks batting - Pitching for Sunset District Fog : RHP Larry Strozier
Pitching: RHP Larry Strozier
Batting: RHB Kenny Fleming 0-0: Ball
1-0: Ball
2-0: Called Strike
2-1: Ball
3-1: Foul Ball, location: 2F
3-2: Reached on error, E5 (Groundball, 5)
Batting: LHB Carlos Medellín 0-0: Ball
Kenny Fleming is caught stealing 2nd base
1-0: Foul Ball, location: 2F
1-1: Foul Ball, location: 2F
1-2: Ball
2-2: Foul Ball, location: 2F
2-2: Ground out 4-3 (Groundball, 34D)
Batting: RHB Joey Trifone 0-0: Swinging Strike
0-1: Called Strike
0-2: DOUBLE (Flyball, 8LXD)
Batting: RHB David Martínez 0-0: Foul Ball, location: 2F
0-1: Foul Ball, location: 2F
0-2: Foul Ball, location: 2F
0-2: Strikes out looking
Top of the 1st over - 0 runs, 1 hit, 1 error, 1 left on base; Augusta 0 - Sunset District 0
BOTTOM OF THE 1ST
Sunset District Fog batting - Pitching for Augusta Timber Hawks : RHP Martín Valverde
Pitching: RHP Martín Valverde
Batting: SHB José Ángel 0-0: Called Strike
0-1: Ground out 4-3 (Groundball, 4)
Batting: LHB Tim O'Neal 0-0: Swinging Strike
0-1: Ball
1-1: Ball
2-1: Foul Ball, location: 2F
2-2: Ball
3-2: Strikes out looking
Batting: RHB Colin O'Connell 0-0: Swinging Strike
0-1: Ball
1-1: Ball
2-1: Foul Ball, location: 2F
2-2: Foul Ball, location: 2F
2-2: Fly out, F7 (Flyball, 7S)
Bottom of the 1st over - 0 runs, 0 hits, 0 errors, 0 left on base; Augusta 0 - Sunset District 0
TOP OF THE 2ND
Augusta Timber Hawks batting - Pitching for Sunset District Fog : RHP Larry Strozier
Batting: RHB Komotay Koffie 0-0: Ground out 6-3 (Groundball, 6)
Batting: RHB Uchino Akahito 0-0: Fly out, F8 (Flyball, 8LS)
Batting: RHB Jesús Recesvinto 0-0: Called Strike
0-1: Ball
1-1: Fly out, F9 (Flyball, 9LMF)
Top of the 2nd over - 0 runs, 0 hits, 0 errors, 0 left on base; Augusta 0 - Sunset District 0
BOTTOM OF THE 2ND
Sunset District Fog batting - Pitching for Augusta Timber Hawks : RHP Martín Valverde
Batting: RHB Armando Rodríguez 0-0: Foul Ball, location: 2F
0-1: Ball
1-1: Called Strike
1-2: Foul Ball, location: 2F
1-2: Ball
2-2: Ground out 6-3 (Groundball, 6)
Batting: LHB Armando Carmona 0-0: Ball
1-0: Ball
2-0: Ball
3-0: Base on Balls
Batting: SHB Joaquín Reyes 0-0: Ball
1-0: Ball
2-0: Foul Ball, location: 2F
2-1: Called Strike
2-2: Ball
3-2: Fly out, F7 (Line Drive, 7)
Batting: RHB Jud Regan 0-0: Ball
1-0: Ball
2-0: Ball
3-0: Base on Balls
Armando Carmona to second
Batting: SHB José Rico 0-0: Ball
1-0: Called Strike
1-1: Ball
2-1: Called Strike
2-2: Ball
3-2: Foul Ball, location: 2F
3-2: Ground out 3-1 (Groundball, 34)
Bottom of the 2nd over - 0 runs, 0 hits, 0 errors, 2 left on base; Augusta 0 - Sunset District 0
TOP OF THE 3RD
Augusta Timber Hawks batting - Pitching for Sunset District Fog : RHP Larry Strozier
Batting: LHB Juan Alvarado 0-0: Called Strike
0-1: Ball
1-1: Ball
2-1: Ball
3-1: Foul Ball, location: 2F
3-2: Fly out, F8 (Flyball, 78D)
Batting: LHB Seung-soo Ch'ae 0-0: Called Strike
0-1: Ball
1-1: Ground out 6-3 (Groundball, 6S)
Batting: RHB Kenny Fleming 0-0: Called Strike
0-1: Foul Ball, location: 2F
0-2: Ball
1-2: Foul Ball, location: 2F
1-2: Ground out 4-3 (Groundball, 34)
Top of the 3rd over - 0 runs, 0 hits, 0 errors, 0 left on base; Augusta 0 - Sunset District 0
BOTTOM OF THE 3RD
Sunset District Fog batting - Pitching for Augusta Timber Hawks : RHP Martín Valverde
Batting: RHB Luis Rodríguez 0-0: Ball
1-0: Ball
2-0: Ball
3-0: Called Strike
3-1: Ground out 5-3 (Groundball, 56)
Batting: SHB José Ángel 0-0: Ball
1-0: Ball
2-0: Foul Ball, location: 2F
2-1: Fly out, F8 (Flyball, 8LM)
Batting: LHB Tim O'Neal 0-0: Ball
1-0: Ball
2-0: Called Strike
2-1: Foul Ball, location: 2F
2-2: Ball
3-2: Ground out U3 (Groundball, 34)
Bottom of the 3rd over - 0 runs, 0 hits, 0 errors, 0 left on base; Augusta 0 - Sunset District 0
TOP OF THE 4TH
Augusta Timber Hawks batting - Pitching for Sunset District Fog : RHP Larry Strozier
Batting: LHB Carlos Medellín 0-0: Foul Ball, location: 2F
0-1: Foul Ball, location: 2F
0-2: Ball
1-2: DOUBLE (Flyball, 8RD)
Batting: RHB Joey Trifone 0-0: Ground out 1-3 (Groundball, P)
Carlos Medellín to third
Batting: RHB David Martínez 0-0: Ball
1-0: Called Strike
1-1: Swinging Strike
1-2: Fly out, F3 (Popup, 23F)
Batting: RHB Komotay Koffie 0-0: Ball
1-0: Ball
2-0: 2-RUN HOME RUN (Flyball, 7LD), Distance : 351 ft
Batting: RHB Uchino Akahito 0-0: Ground out 5-3 (Groundball, 56S)
Top of the 4th over - 2 runs, 2 hits, 0 errors, 0 left on base; Augusta 2 - Sunset District 0
BOTTOM OF THE 4TH
Sunset District Fog batting - Pitching for Augusta Timber Hawks : RHP Martín Valverde
Batting: RHB Colin O'Connell 0-0: Ball
1-0: Called Strike
1-1: Ball
2-1: Foul Ball, location: 2F
2-2: Ball
3-2: Base on Balls
Batting: RHB Armando Rodríguez 0-0: Ball
1-0: Fly out, F4 (Popup, 34D)
Batting: LHB Armando Carmona 0-0: Ball
1-0: Foul Ball, location: 2F
1-1: Fly out, F6 (Popup, 56)
Batting: SHB Joaquín Reyes 0-0: Fly out, F4 (Popup, 4M)
Bottom of the 4th over - 0 runs, 0 hits, 0 errors, 1 left on base; Augusta 2 - Sunset District 0
TOP OF THE 5TH
Augusta Timber Hawks batting - Pitching for Sunset District Fog : RHP Larry Strozier
Batting: RHB Jesús Recesvinto 0-0: Called Strike
0-1: Ball
1-1: Ball
2-1: Fly out, F7 (Flyball, 7)
Batting: LHB Juan Alvarado 0-0: Called Strike
0-1: Foul Ball, location: 2F
0-2: Strikes out swinging
Batting: LHB Seung-soo Ch'ae 0-0: Foul Ball, location: 2F
0-1: Ball
1-1: Called Strike
1-2: Strikes out swinging
Top of the 5th over - 0 runs, 0 hits, 0 errors, 0 left on base; Augusta 2 - Sunset District 0
BOTTOM OF THE 5TH
Sunset District Fog batting - Pitching for Augusta Timber Hawks : RHP Martín Valverde
Batting: RHB Jud Regan 0-0: Called Strike
0-1: Foul Ball, location: 2F
0-2: Foul Ball, location: 2F
0-2: Ground out 6-3 (Groundball, 6)
Batting: SHB José Rico 0-0: Ball
1-0: Called Strike
1-1: Called Strike
1-2: Strikes out swinging
Batting: RHB Luis Rodríguez 0-0: Called Strike
0-1: Called Strike
0-2: Ball
1-2: Foul Ball, location: 2F
1-2: Strikes out looking
Bottom of the 5th over - 0 runs, 0 hits, 0 errors, 0 left on base; Augusta 2 - Sunset District 0
TOP OF THE 6TH
Augusta Timber Hawks batting - Pitching for Sunset District Fog : RHP Larry Strozier
Batting: RHB Kenny Fleming 0-0: Ball
1-0: Ball
2-0: Ball
3-0: Called Strike
3-1: Base on Balls
Batting: LHB Carlos Medellín 0-0: Ball
1-0: Ball
Kenny Fleming steals 2nd base
2-0: Ball
3-0: Called Strike
3-1: Bunted foul
3-2: Foul Ball, location: 2F
3-2: Foul Ball, location: 2F
3-2: SINGLE (Line Drive, 4M)
Kenny Fleming to third
Runner from 3rd tries for Home, SAFE, no throw
Batting: RHB Joey Trifone 0-0: Grounds into double play, 5-4-3 (Groundball, 5)
Batting: RHB David Martínez 0-0: Ball
1-0: Ball
2-0: SOLO HOME RUN (Line Drive, 7LD), Distance : 370 ft
Batting: RHB Komotay Koffie 0-0: Foul Ball, location: 2F
0-1: Ball
1-1: Fly out, F3 (Popup, 3L)
Top of the 6th over - 2 runs, 2 hits, 0 errors, 0 left on base; Augusta 4 - Sunset District 0
BOTTOM OF THE 6TH
Sunset District Fog batting - Pitching for Augusta Timber Hawks : RHP Martín Valverde
Batting: SHB José Ángel 0-0: Ball
1-0: Fly out, F9 (Flyball, 9LMF)
Batting: LHB Tim O'Neal 0-0: Ball
1-0: Ground out 4-3 (Groundball, 4)
Batting: RHB Colin O'Connell 0-0: Fly out, F3 (Line Drive, 34)
Bottom of the 6th over - 0 runs, 0 hits, 0 errors, 0 left on base; Augusta 4 - Sunset District 0
TOP OF THE 7TH
Augusta Timber Hawks batting - Pitching for Sunset District Fog : RHP Larry Strozier
Batting: RHB Uchino Akahito 0-0: Ball
1-0: Called Strike
1-1: Ground out 3-1 (Groundball, 23)
Batting: RHB Jesús Recesvinto 0-0: Foul Ball, location: 2F
0-1: SINGLE (Line Drive, 8RS)
Batting: LHB Juan Alvarado 0-0: Ball
Jesús Recesvinto is caught stealing 2nd base
1-0: Ball
2-0: Ground out 6-3 (Groundball, 6)
Top of the 7th over - 0 runs, 1 hit, 0 errors, 0 left on base; Augusta 4 - Sunset District 0
BOTTOM OF THE 7TH
Sunset District Fog batting - Pitching for Augusta Timber Hawks : RHP Martín Valverde
Batting: RHB Armando Rodríguez 0-0: Fly out, F8 (Flyball, 8LS)
Batting: LHB Armando Carmona 0-0: Ball
1-0: Called Strike
1-1: Fly out, F9 (Flyball, 9D)
Batting: SHB Joaquín Reyes 0-0: Foul Ball, location: 2F
0-1: Ground out 6-3 (Groundball, 6)
Bottom of the 7th over - 0 runs, 0 hits, 0 errors, 0 left on base; Augusta 4 - Sunset District 0
TOP OF THE 8TH
Augusta Timber Hawks batting - Pitching for Sunset District Fog : RHP Larry Strozier
Pitching: RHP Kendarian Handy-Holly
Batting: LHB Seung-soo Ch'ae 0-0: Called Strike
0-1: Ball
1-1: Foul Ball, location: 2F
1-2: Ball
2-2: Strikes out looking
Batting: RHB Kenny Fleming 0-0: Ball
1-0: Ball
2-0: Foul Ball, location: 2F
2-1: Fly out, F8 (Flyball, 89M)
Batting: LHB Carlos Medellín 0-0: SINGLE (Groundball, 34) (infield hit)
Batting: RHB Joey Trifone 0-0: Ball
Carlos Medellín steals 2nd base
1-0: Called Strike
1-1: Foul Ball, location: 2F
1-2: Ball
2-2: Ball
3-2: Foul Ball, location: 2F
3-2: Strikes out swinging, 2-3 out at first.
Top of the 8th over - 0 runs, 1 hit, 0 errors, 1 left on base; Augusta 4 - Sunset District 0
BOTTOM OF THE 8TH
Sunset District Fog batting - Pitching for Augusta Timber Hawks : RHP Martín Valverde
Batting: RHB Jud Regan 0-0: Foul Ball, location: 2F
0-1: Swinging Strike
0-2: Foul Ball, location: 2F
0-2: Strikes out swinging
Batting: SHB José Rico 0-0: Called Strike
0-1: Swinging Strike
0-2: Ball
1-2: Strikes out looking
Batting: RHB Luis Rodríguez 0-0: Ball
1-0: Foul Ball, location: 2F
1-1: Called Strike
1-2: Foul Ball, location: 2F
1-2: Strikes out swinging
Bottom of the 8th over - 0 runs, 0 hits, 0 errors, 0 left on base; Augusta 4 - Sunset District 0
TOP OF THE 9TH
Augusta Timber Hawks batting - Pitching for Sunset District Fog : RHP Kendarian Handy-Holly
Pitching: RHP Dave Morse
Batting: RHB David Martínez 0-0: Swinging Strike
0-1: Ball
1-1: Foul Ball, location: 2F
1-2: Ball
2-2: Foul Ball, location: 2F
2-2: Strikes out looking
Batting: RHB Komotay Koffie 0-0: Ball
1-0: Ball
2-0: Swinging Strike
2-1: Swinging Strike
2-2: Strikes out swinging
Batting: RHB Uchino Akahito 0-0: Ball
1-0: Ground out 4-3 (Groundball, 4M)
Top of the 9th over - 0 runs, 0 hits, 0 errors, 0 left on base; Augusta 4 - Sunset District 0
BOTTOM OF THE 9TH
Sunset District Fog batting - Pitching for Augusta Timber Hawks : RHP Martín Valverde
Batting: SHB José Ángel 0-0: Foul Ball, location: 2F
0-1: Ball
1-1: Ball
2-1: Ball
3-1: Foul Ball, location: 2F
3-2: Foul Ball, location: 2F
3-2: Foul Ball, location: 2F
3-2: Strikes out swinging
Batting: LHB Tim O'Neal 0-0: Swinging Strike
0-1: Ball
1-1: Foul Ball, location: 2F
1-2: Ball
2-2: SINGLE (Groundball, 4MS) (infield hit)
Pitching: LHP Bettino Banditelli
Batting: RHB Colin O'Connell 0-0: Ball
1-0: Ball
2-0: Ball
3-0: Called Strike
3-1: Base on Balls
Tim O'Neal to second
Pitching: RHP Brian Krick
Batting: RHB Armando Rodríguez 0-0: Called Strike
0-1: Foul Ball, location: 2F
0-2: Foul Ball, location: 2F
0-2: Ball
1-2: Ball
2-2: Strikes out looking
Batting: LHB Armando Carmona 0-0: 3-RUN HOME RUN (Flyball, 9D), Distance : 384 ft
Batting: SHB Joaquín Reyes 0-0: Ball
1-0: Called Strike
1-1: Ball
2-1: Ball
3-1: Foul Ball, location: 2F
3-2: Base on Balls
Pinch Runner at 1st Esteban Lugo:
Pinch Hitting: LHB Pedro Tapia 0-0: Ball
1-0: Ground out 4-3 (Groundball, 3D)
Bottom of the 9th over - 3 runs, 2 hits, 0 errors, 1 left on base; Augusta 4 - Sunset District 3
Tuesday, June 12th, 2018 - OOTP Baseball 18.8 Build 76